WCHLSIM.com - West Coast Hockey League
html PUBLIC "-//W3C//DTD XHTML 1.0 Transitional//EN" "http://www.w3.org/TR/xhtml1/DTD/xhtml1-transitional.dtd"> WCHL - Game 943 - SAN DIEGO THUNDER vs EDMONTON ICE

SAN DIEGO THUNDER vs EDMONTON ICE

Created - 3 mars 2024 at 22:54

Goals
1 2 3 OT1 T
SAN DIEGO THUNDER 1 1 0 0 2
EDMONTON ICE 0 1 1 1 3
Shots
1 2 3 OT1 T
SAN DIEGO THUNDER 14 7 6 0 27
EDMONTON ICE 13 4 14 2 33

1st period

1. SAN DIEGO THUNDER , Joel Armia 2 (Luke Kunin 5, Nicklaus Perbix 2) at 3:42

Penalties :
Erik Cernak (SDG) for Roughing (Minor) at 13:21

2nd period

2. EDMONTON ICE , Shea Theodore 7 (Michael Matheson 33, Anthony Beauvillier 19) at 14:23
3. SAN DIEGO THUNDER , Erik Cernak 5 (Luke Kunin 6, Charles McAvoy 34) at 19:28 (PP)

Penalties :
Jack Eichel (EDM) for Interference (Minor) at 17:46

3rd period

4. EDMONTON ICE , Evgeny Dadonov 7 (Jonas Brodin 3, Dawson Mercer 14) at 2:07

Penalties :
No Penalty

Overtime #1

5. EDMONTON ICE , Alex Tuch 30 (Jack Eichel 39, Jonas Brodin 4) at 3:11

Penalties :
No Penalty

Goalie Stats

Connor Hellebuyck (SDG), 30 saves from 33 shots - (0,909), OTL, 19-25-6, 63:12 minutes
Vitek Vanecek (EDM), 25 saves from 27 shots - (0,926), W, 34-15-4, 63:12 minutes

Players Stats for SAN DIEGO THUNDER

Player Name              G  A  P  +/- PIM S  H  SB GA TA FO     MP     PP MP  PK MP  
------------------------------------------------------------------------------------
Adam Boqvist             0  0  0   0  0   0  0  2  0  0  0/0    15:20   0:00   0:33 
Charles McAvoy           0  1  1   0  0   0  0  4  0  0  0/0    26:04   0:32   1:18 
Connor Murphy            0  0  0  -2  0   0  1  2  0  0  0/0    22:16   1:10   1:26 
Derek Forbort            0  0  0  -1  0   1  2  2  0  0  0/0    20:38   1:10   0:41 
Dmitri Voronkov          0  0  0  -1  0   5  1  0  0  0  1/2    19:18   1:10   0:48 
Drake Batherson          0  0  0  -1  0   3  1  1  0  0  1/2    21:46   1:10   0:00 
Eetu Luostarinen         0  0  0  -1  0   2  0  1  0  0  10/27  20:36   0:00   0:00 
Erik Cernak              1  0  1   0  2   1  3  1  0  0  0/0    24:06   0:32   0:00 
Filip Zadina             0  0  0   0  0   0  0  0  0  0  0/0     0:00   0:00   0:00 
Isac Lundestrom          0  0  0  -1  0   2  0  1  0  0  7/14   15:31   0:32   0:48 
Joel Armia               1  0  1   1  0   2  0  0  0  0  0/0     6:34   0:00   0:00 
Joel Farabee             0  0  0  -1  0   5  0  0  0  0  0/2    20:31   1:10   1:11 
Luke Kunin               0  2  2   1  0   3  2  0  0  0  0/1    20:24   0:32   0:00 
Mark Kastelic            0  0  0   1  0   0  0  0  0  0  7/11    6:34   0:00   0:00 
Nicklaus Perbix          0  1  1   0  0   0  1  0  0  0  0/0    14:47   0:00   0:00 
Radek Faksa              0  0  0  -2  0   0  1  0  0  0  0/1    20:00   0:00   0:00 
Rasmus Asplund           0  0  0   0  0   1  0  0  0  0  0/0    13:18   0:00   0:00 
Wyatt Johnston           0  0  0  -1  0   2  0  0  0  0  14/25  19:53   0:32   1:11 

Players Stats for EDMONTON ICE

Player Name              G  A  P  +/- PIM S  H  SB GA TA FO     MP     PP MP  PK MP  
------------------------------------------------------------------------------------
Alex Tuch                1  0  1   1  0   5  1  1  0  0  0/0    23:11   0:54   0:00 
Anthony Beauvillier      0  1  1   1  0   3  2  0  0  0  0/1    14:07   0:00   0:00 
Anton Lundell            0  0  0   0  0   0  0  0  0  0  3/10    4:40   0:00   0:53 
Dawson Mercer            0  1  1   1  0   2  0  0  0  0  12/24  16:19   1:05   0:54 
Evgeny Dadonov           1  0  1   1  0   3  0  0  0  0  0/0    14:35   0:00   0:28 
Gustav Nyquist           0  0  0   0  0   0  2  0  0  0  0/3    19:51   0:54   0:00 
Jack Eichel              0  1  1   1  2   7  2  0  0  0  18/28  23:20   0:54   0:00 
Jarred Tinordi           0  0  0   0  0   0  0  0  0  0  0/0     4:20   0:00   0:00 
Jonas Brodin             0  2  2   1  0   0  0  1  0  0  0/0    16:47   0:00   0:44 
Jordan Spence            0  0  0   0  0   0  3  2  0  0  0/0    17:44   1:05   0:00 
Michael Matheson         0  1  1   1  0   1  3  1  0  0  0/0    22:26   0:54   0:44 
Ryan Graves              0  0  0   0  0   1  1  1  0  0  0/0    23:02   1:05   0:58 
Scott Laughton           0  0  0   0  0   4  3  1  0  0  2/2    24:27   1:05   0:28 
Shea Theodore            1  0  1   1  0   2  1  1  0  0  0/0    22:29   0:54   0:00 
Tanner Jeannot           0  0  0   0  0   1  1  0  0  0  0/0     4:28   0:00   0:41 
Thomas Novak             0  0  0   0  0   3  0  1  0  0  10/17  18:03   0:00   0:00 
Tomas Tatar              0  0  0   0  0   1  0  0  0  0  0/0    21:40   1:05   0:00 
Zach Whitecloud          0  0  0   0  0   0  1  2  0  0  0/0    16:24   0:00   0:58 

3 Stars

1 - Alex Tuch (EDM)
2 - Shea Theodore (EDM)
3 - Luke Kunin (SDG)

Power Play

SAN DIEGO THUNDER - 1 on 1 Attempt(s) - 100,00%
EDMONTON ICE - 0 on 1 Attempt(s) - 0,00%

Penalty Kill

SAN DIEGO THUNDER - 1 on 1 Attempt(s) - 100,00% - Score 0 goal in Penalty Kill
EDMONTON ICE - 0 on 1 Attempt(s) - 0,00% - Score 0 goal in Penalty Kill

Team Stat

SAN DIEGO THUNDER - Hits : 12 - Faceoff Wins : 40 - Blocked Shots : 14 - Penalty Minutes : 2
EDMONTON ICE - Hits : 20 - Faceoff Wins : 45 - Blocked Shots : 11 - Penalty Minutes : 2

Official

Referees : Furman South and Dave Lewis
Linesman : Bevan Mills and Justin Cornell

Game Notes

No Game Note

Finance

Level 1 -- Attendance: 4625 (77,08%) -- Ticket Income 971 250 $
Level 2 -- Attendance: 4365 (87,30%) -- Ticket Income 611 100 $
Level 3 -- Attendance: 1812 (90,60%) -- Ticket Income 199 320 $
Level 4 -- Attendance: 3050 (50,83%) -- Ticket Income 259 250 $
Luxury Box -- Attendance: 810 (81,00%) -- Ticket Income 303 750 $
Total Attendance: 14662 (73,31%)
Total Ticket Income: 2 344 670 $
Other Expense: 23 447 $
Total Income: 2 321 223 $

SAN DIEGO THUNDER

5 vs 5 Forward 
   Center                   Left Wing                Right Wing               Time % Phy DF OF 
 1 Eetu Luostarinen         Drake Batherson          Radek Faksa              36     1   2  2  
 2 Wyatt Johnston           Dmitri Voronkov          Joel Farabee             31     1   2  2  
 3 Isac Lundestrom          Rasmus Asplund           Luke Kunin               23     0   3  2  
 4 Mark Kastelic            Luke Kunin               Joel Armia               10     1   1  3  

5 vs 5 Defense 
   Defense                  Defense                                           Time % Phy DF OF 
 1 Charles McAvoy           Erik Cernak                                       38     1   2  2  
 2 Connor Murphy            Derek Forbort                                     32     1   2  2  
 3 Adam Boqvist             Nicklaus Perbix                                   20     1   2  2  
 4 Charles McAvoy           Erik Cernak                                       10     1   2  2  

PowerPlay Forward 
   Center                   Left Wing                Right Wing               Time % Phy DF OF 
 1 Drake Batherson          Dmitri Voronkov          Joel Farabee             55     0   1  4  
 2 Wyatt Johnston           Isac Lundestrom          Luke Kunin               45     0   1  4  

PowerPlay Defense
   Defense                  Defense                                           Time % Phy DF OF 
 1 Charles McAvoy           Erik Cernak                                       55     1   2  2  
 2 Connor Murphy            Derek Forbort                                     45     1   2  2  

Penalty Kill 4 Players Forward 
   Center                   Wing                     Time % Phy DF OF 
 1 Dmitri Voronkov          Isac Lundestrom          55     1   2  2  
 2 Joel Farabee             Wyatt Johnston           45     1   2  2  

Penalty Kill 4 Players Defense
   Defense                  Defense                  Time % Phy DF OF 
 1 Charles McAvoy           Erik Cernak              55     1   2  2  
 2 Connor Murphy            Derek Forbort            45     1   2  2  

Penalty Kill - 3 Players Forward 
   Forward                                           Time % Phy DF OF 
 1 Eetu Luostarinen                                  55     1   2  2  
 2 Joel Farabee                                      45     1   2  2  

Penalty Kill - 3 Players Defense
   Defense                  Defense                  Time % Phy DF OF 
 1 Charles McAvoy           Erik Cernak              55     1   2  2  
 2 Connor Murphy            Derek Forbort            45     1   2  2  

4 vs 4 Forward 
   Center                   Wing                     Time % Phy DF OF 
 1 Drake Batherson          Isac Lundestrom          55     1   2  2  
 2 Joel Farabee             Wyatt Johnston           45     1   2  2  

4 vs 4 Defense
   Defense                  Defense                  Time % Phy DF OF 
 1 Charles McAvoy           Erik Cernak              55     1   2  2  
 2 Connor Murphy            Derek Forbort            45     1   2  2  

Last Minutes Offensive
   Center                   Left Wing                Right Wing               Defense                  Defense                  
   Drake Batherson          Dmitri Voronkov          Joel Farabee             Charles McAvoy           Erik Cernak              

Last Minutes Defensive
   Center                   Left Wing                Right Wing               Defense                  Defense                  
   Drake Batherson          Dmitri Voronkov          Joel Farabee             Charles McAvoy           Erik Cernak              

Goaltenders
Starting : Connor Hellebuyck        
Backup : Akira Schmid             

Extra Forwards
Normal : Mark Kastelic, Drake Batherson, Eetu Luostarinen - PP : Mark Kastelic, Joel Farabee - PK : Eetu Luostarinen
Extra Defensemen
Normal : Adam Boqvist, Charles McAvoy, Connor Murphy - PP : Adam Boqvist - PK : Charles McAvoy, Connor Murphy
Penalty Shots
Drake Batherson, Eetu Luostarinen, Joel Farabee, Wyatt Johnston, Isac Lundestrom
Custom OT Lines Forwards
Drake Batherson, Eetu Luostarinen, Joel Farabee, Wyatt Johnston, Isac Lundestrom, Radek Faksa, Dmitri Voronkov, Luke Kunin, Joel Armia, Mark Kastelic
Custom OT Lines Defensemen
Charles McAvoy, Erik Cernak, Connor Murphy, Derek Forbort, Adam Boqvist

Scratches
None

EDMONTON ICE

5 vs 5 Forward 
   Center                   Left Wing                Right Wing               Time % Phy DF OF 
 1 Jack Eichel              Tomas Tatar              Alex Tuch                36     0   2  3  
 2 Thomas Novak             Scott Laughton           Gustav Nyquist           33     1   2  2  
 3 Dawson Mercer            Anthony Beauvillier      Evgeny Dadonov           24     1   3  1  
 4 Anton Lundell            Scott Laughton           Tanner Jeannot           7      0   3  2  

5 vs 5 Defense 
   Defense                  Defense                                           Time % Phy DF OF 
 1 Shea Theodore            Michael Matheson                                  37     1   2  2  
 2 Jordan Spence            Ryan Graves                                       32     0   3  2  
 3 Zach Whitecloud          Jonas Brodin                                      25     0   4  1  
 4 Ryan Graves              Jarred Tinordi                                    6      0   3  2  

PowerPlay Forward 
   Center                   Left Wing                Right Wing               Time % Phy DF OF 
 1 Jack Eichel              Gustav Nyquist           Alex Tuch                60     1   2  2  
 2 Dawson Mercer            Scott Laughton           Tomas Tatar              40     1   2  2  

PowerPlay Defense
   Defense                  Defense                                           Time % Phy DF OF 
 1 Shea Theodore            Michael Matheson                                  60     0   2  3  
 2 Ryan Graves              Jordan Spence                                     40     0   2  3  

Penalty Kill 4 Players Forward 
   Center                   Wing                     Time % Phy DF OF 
 1 Anton Lundell            Tanner Jeannot           60     0   5  0  
 2 Scott Laughton           Evgeny Dadonov           40     0   5  0  

Penalty Kill 4 Players Defense
   Defense                  Defense                  Time % Phy DF OF 
 1 Michael Matheson         Jonas Brodin             60     0   5  0  
 2 Zach Whitecloud          Ryan Graves              40     0   5  0  

Penalty Kill - 3 Players Forward 
   Forward                                           Time % Phy DF OF 
 1 Anton Lundell                                     55     0   4  1  
 2 Thomas Novak                                      45     0   4  1  

Penalty Kill - 3 Players Defense
   Defense                  Defense                  Time % Phy DF OF 
 1 Zach Whitecloud          Ryan Graves              55     0   5  0  
 2 Jonas Brodin             Jarred Tinordi           45     0   5  0  

4 vs 4 Forward 
   Center                   Wing                     Time % Phy DF OF 
 1 Dawson Mercer            Gustav Nyquist           55     1   2  2  
 2 Thomas Novak             Evgeny Dadonov           45     1   2  2  

4 vs 4 Defense
   Defense                  Defense                  Time % Phy DF OF 
 1 Shea Theodore            Michael Matheson         55     1   2  2  
 2 Zach Whitecloud          Jarred Tinordi           45     1   2  2  

Last Minutes Offensive
   Center                   Left Wing                Right Wing               Defense                  Defense                  
   Jack Eichel              Scott Laughton           Alex Tuch                Shea Theodore            Michael Matheson         

Last Minutes Defensive
   Center                   Left Wing                Right Wing               Defense                  Defense                  
   Scott Laughton           Gustav Nyquist           Alex Tuch                Jonas Brodin             Michael Matheson         

Goaltenders
Starting : Vitek Vanecek            
Backup : Jonathan Quick           

Extra Forwards
Normal : Dawson Mercer, Tomas Tatar, Anton Lundell - PP : Thomas Novak, Dawson Mercer - PK : Dawson Mercer
Extra Defensemen
Normal : Shea Theodore, Michael Matheson, Jonas Brodin - PP : Jonas Brodin - PK : Ryan Graves, Shea Theodore
Penalty Shots
Alex Tuch, Jack Eichel, Thomas Novak, Dawson Mercer, Gustav Nyquist
Custom OT Lines Forwards
Alex Tuch, Jack Eichel, Scott Laughton, Gustav Nyquist, Tomas Tatar, Dawson Mercer, Thomas Novak, Anthony Beauvillier, Anton Lundell, Evgeny Dadonov
Custom OT Lines Defensemen
Shea Theodore, Michael Matheson, Jonas Brodin, Ryan Graves, Jordan Spence

Scratches
Austin Watson (Healthy), Anthony Mantha (Healthy), Joshua Mahura (Healthy)

% Time on Ice - SAN DIEGO THUNDER

Lines # - Real PCT - Wanted PCT - Time Play
Normal Forward
1 - 34% - 36% - 19:07
2 - 31% - 31% - 17:20
3 - 24% - 23% - 13:18
4 - 12% - 10% - 6:34
Normal Defense
1 - 34% - 38% - 19:14
2 - 33% - 32% - 18:47
3 - 26% - 20% - 14:47
4 - 6% - 10% - 3:31
PP Forward
1 - 69% - 55% - 1:10
2 - 31% - 45% - 0:32
PP Defense
1 - 31% - 55% - 0:32
2 - 69% - 45% - 1:10
PK Forward
1 - 40% - 55% - 0:48
2 - 60% - 45% - 1:11
PK Defense
1 - 93% - 55% - 1:51
2 - 7% - 45% - 0:08
PK3 Forward
1 - 0% - 55%
2 - 0% - 45%
PK3 Defense
1 - 0% - 55%
2 - 0% - 45%
44 Forward
1 - 0% - 55%
2 - 0% - 45%
44 Defense
1 - 0% - 55%
2 - 0% - 45%
Last Minute Offensive  - 0:00
Last Minute Defensive  - 0:00
Total
Forward - 60:00
Defense - 60:00

% Time on Ice - EDMONTON ICE

Lines # - Real PCT - Wanted PCT - Time Play
Normal Forward
1 - 36% - 36% - 20:22
2 - 32% - 33% - 18:03
3 - 25% - 24% - 14:07
4 - 7% - 7% - 3:47
Normal Defense
1 - 35% - 37% - 19:54
2 - 30% - 32% - 16:39
3 - 27% - 25% - 15:26
4 - 8% - 6% - 4:20
PP Forward
1 - 45% - 60% - 0:54
2 - 55% - 40% - 1:05
PP Defense
1 - 45% - 60% - 0:54
2 - 55% - 40% - 1:05
PK Forward
1 - 73% - 60% - 1:14
2 - 27% - 40% - 0:28
PK Defense
1 - 43% - 60% - 0:44
2 - 57% - 40% - 0:58
PK3 Forward
1 - 0% - 55%
2 - 0% - 45%
PK3 Defense
1 - 0% - 55%
2 - 0% - 45%
44 Forward
1 - 0% - 55%
2 - 0% - 45%
44 Defense
1 - 0% - 55%
2 - 0% - 45%
Last Minute Offensive  - 0:00
Last Minute Defensive  - 0:00
Total
Forward - 60:00
Defense - 60:00

Play-by-Play

1st period


0:01 of 1st period - Jack Eichel wins face-off versus Eetu Luostarinen in neutral zone.
0:14 of 1st period - Shot by Tomas Tatar.
0:14 of 1st period - Stopped by Connor Hellebuyck with a rebound.
0:16 of 1st period - Shot by Jack Eichel.
0:16 of 1st period - Stopped by Connor Hellebuyck without a rebound.
0:17 of 1st period - Wyatt Johnston wins face-off versus Gustav Nyquist in SAN DIEGO THUNDER zone.
0:23 of 1st period - Shot by Scott Laughton.
0:23 of 1st period - Stopped by Connor Hellebuyck without a rebound.
0:24 of 1st period - Isac Lundestrom wins face-off versus Dawson Mercer in SAN DIEGO THUNDER zone.
0:49 of 1st period - Shot by Evgeny Dadonov.
0:49 of 1st period - Shot Blocked by Isac Lundestrom.
1:19 of 1st period - Jonas Brodin is hit by Luke Kunin and loses puck.
1:45 of 1st period - Shot by Scott Laughton.
1:45 of 1st period - Shot Misses the Net.
1:49 of 1st period - Shot by Scott Laughton.
1:49 of 1st period - Shot Blocked by Derek Forbort.
1:51 of 1st period - Shot by Scott Laughton.
1:51 of 1st period - Shot Misses the Net.
1:53 of 1st period - Shot by Scott Laughton.
1:53 of 1st period - Stopped by Connor Hellebuyck with a rebound.
1:55 of 1st period - Shot by Thomas Novak.
1:55 of 1st period - Stopped by Connor Hellebuyck without a rebound.
1:56 of 1st period - Jack Eichel wins face-off versus Eetu Luostarinen in SAN DIEGO THUNDER zone.
1:59 of 1st period - Shot by Alex Tuch.
1:59 of 1st period - Deflect By Jack Eichel.
1:59 of 1st period - Shot Blocked by Charles McAvoy.
2:10 of 1st period - Shot by Eetu Luostarinen.
2:10 of 1st period - Stopped by Vitek Vanecek without a rebound.
2:11 of 1st period - Eetu Luostarinen wins face-off versus Thomas Novak in EDMONTON ICE zone.
2:48 of 1st period - Shot by Eetu Luostarinen.
2:48 of 1st period - Shot Blocked by Ryan Graves.
3:22 of 1st period - Shot by Wyatt Johnston.
3:22 of 1st period - Stopped by Vitek Vanecek without a rebound.
3:23 of 1st period - Dawson Mercer wins face-off versus Mark Kastelic in EDMONTON ICE zone.
3:38 of 1st period - Shot by Joel Armia.
3:38 of 1st period - Stopped by Vitek Vanecek with a rebound.
3:40 of 1st period - Shot by Joel Armia.
3:40 of 1st period - Deflect By Luke Kunin.
3:40 of 1st period - Shot Misses the Net.
3:42 of 1st period - Shot by Joel Armia.
3:42 of 1st period - Goal by Joel Armia - SAN DIEGO THUNDER : 1 - EDMONTON ICE : 0.
3:43 of 1st period - Wyatt Johnston wins face-off versus Jack Eichel in neutral zone.
3:50 of 1st period - Shot by Jack Eichel.
3:50 of 1st period - Stopped by Connor Hellebuyck without a rebound.
3:51 of 1st period - Jack Eichel wins face-off versus Wyatt Johnston in SAN DIEGO THUNDER zone.
4:00 of 1st period - Shot by Dmitri Voronkov.
4:00 of 1st period - Stopped by Vitek Vanecek without a rebound.
4:01 of 1st period - Mark Kastelic wins face-off versus Anton Lundell in EDMONTON ICE zone.
5:50 of 1st period - Shot by Dmitri Voronkov.
5:50 of 1st period - Stopped by Vitek Vanecek without a rebound.
5:51 of 1st period - Eetu Luostarinen wins face-off versus Dawson Mercer in EDMONTON ICE zone.
5:52 of 1st period - Shot by Drake Batherson.
5:52 of 1st period - Shot Blocked by Zach Whitecloud.
6:10 of 1st period - Shot by Radek Faksa.
6:10 of 1st period - Shot Misses the Net.
6:12 of 1st period - Shot by Drake Batherson.
6:12 of 1st period - Stopped by Vitek Vanecek without a rebound.
6:13 of 1st period - Thomas Novak wins face-off versus Wyatt Johnston in EDMONTON ICE zone.
6:26 of 1st period - Shot by Dmitri Voronkov.
6:26 of 1st period - Stopped by Vitek Vanecek without a rebound.
6:27 of 1st period - Eetu Luostarinen wins face-off versus Dawson Mercer in EDMONTON ICE zone.
7:14 of 1st period - Eetu Luostarinen is hit by Anthony Beauvillier and loses puck.
7:25 of 1st period - Eetu Luostarinen is hit by Gustav Nyquist and loses puck.
8:43 of 1st period - Shot by Charles McAvoy.
8:43 of 1st period - Shot Blocked by Jordan Spence.
9:25 of 1st period - Shot by Rasmus Asplund.
9:25 of 1st period - Shot Misses the Net.
9:27 of 1st period - Shot by Isac Lundestrom.
9:27 of 1st period - Stopped by Vitek Vanecek with a rebound.
9:33 of 1st period - Shot by Isac Lundestrom.
9:33 of 1st period - Stopped by Vitek Vanecek without a rebound.
9:34 of 1st period - Mark Kastelic wins face-off versus Anton Lundell in EDMONTON ICE zone.
9:43 of 1st period - Shot by Luke Kunin.
9:43 of 1st period - Stopped by Vitek Vanecek without a rebound.
9:44 of 1st period - Thomas Novak wins face-off versus Mark Kastelic in EDMONTON ICE zone.
10:21 of 1st period - Shot by Thomas Novak.
10:21 of 1st period - Shot Misses the Net.
11:10 of 1st period - Shot by Evgeny Dadonov.
11:10 of 1st period - Stopped by Connor Hellebuyck without a rebound.
11:11 of 1st period - Jack Eichel wins face-off versus Wyatt Johnston in SAN DIEGO THUNDER zone.
11:14 of 1st period - Shot by Jack Eichel.
11:14 of 1st period - Shot Misses the Net.
11:16 of 1st period - Shot by Alex Tuch.
11:16 of 1st period - Shot Misses the Net.
11:18 of 1st period - Shot by Jack Eichel.
11:18 of 1st period - Deflect By Alex Tuch.
11:18 of 1st period - Stopped by Connor Hellebuyck without a rebound.
11:19 of 1st period - Eetu Luostarinen wins face-off versus Jack Eichel in SAN DIEGO THUNDER zone.
11:24 of 1st period - Tomas Tatar is hit by Radek Faksa and loses puck.
11:39 of 1st period - Shot by Eetu Luostarinen.
11:39 of 1st period - Stopped by Vitek Vanecek without a rebound.
11:40 of 1st period - Anton Lundell wins face-off versus Wyatt Johnston in EDMONTON ICE zone.
11:42 of 1st period - Icing by Scott Laughton.
11:43 of 1st period - Wyatt Johnston wins face-off versus Anton Lundell in EDMONTON ICE zone.
11:49 of 1st period - Icing by Michael Matheson.
11:50 of 1st period - Anton Lundell wins face-off versus Wyatt Johnston in EDMONTON ICE zone.
11:57 of 1st period - Shot by Shea Theodore.
11:57 of 1st period - Stopped by Connor Hellebuyck with a rebound.
12:22 of 1st period - Dmitri Voronkov is hit by Michael Matheson and loses puck.
12:52 of 1st period - Alex Tuch is hit by Erik Cernak.
13:02 of 1st period - Shot by Jack Eichel.
13:02 of 1st period - Shot Blocked by Erik Cernak.
13:04 of 1st period - Shot by Jack Eichel.
13:04 of 1st period - Shot Blocked by Charles McAvoy.
13:21 of 1st period - Minor Penalty to Erik Cernak for Roughing.
13:22 of 1st period - Jack Eichel wins face-off versus Dmitri Voronkov in SAN DIEGO THUNDER zone.
13:25 of 1st period - Shot by Alex Tuch.
13:25 of 1st period - Shot Misses the Net.
13:42 of 1st period - Off-side.
13:43 of 1st period - Dawson Mercer wins face-off versus Joel Farabee in neutral zone.
14:10 of 1st period - Shot by Scott Laughton.
14:10 of 1st period - Shot Blocked by Connor Murphy.
14:12 of 1st period - Shot by Ryan Graves.
14:12 of 1st period - Shot Misses the Net.
14:14 of 1st period - Shot by Ryan Graves.
14:14 of 1st period - Stopped by Connor Hellebuyck with a rebound.
14:16 of 1st period - Shot by Scott Laughton.
14:16 of 1st period - Stopped by Connor Hellebuyck without a rebound.
14:17 of 1st period - Dmitri Voronkov wins face-off versus Jack Eichel in SAN DIEGO THUNDER zone.
14:17 of 1st period - Dmitri Voronkov is hit by Alex Tuch.
14:47 of 1st period - Shot by Jack Eichel.
14:47 of 1st period - Stopped by Connor Hellebuyck with a rebound.
14:49 of 1st period - Shot by Jack Eichel.
14:49 of 1st period - The goal is going for a video replay.
14:49 of 1st period - The goal is refused.
14:50 of 1st period - Dawson Mercer wins face-off versus Joel Farabee in SAN DIEGO THUNDER zone.
15:26 of 1st period - Icing by Adam Boqvist.
15:27 of 1st period - Thomas Novak wins face-off versus Eetu Luostarinen in SAN DIEGO THUNDER zone.
15:30 of 1st period - Shot by Gustav Nyquist.
15:30 of 1st period - Shot Blocked by Adam Boqvist.
15:52 of 1st period - Shot by Thomas Novak.
15:52 of 1st period - Shot Misses the Net.
15:54 of 1st period - Shot by Jonas Brodin.
15:54 of 1st period - Shot Misses the Net.
16:44 of 1st period - Icing by Thomas Novak.
16:45 of 1st period - Wyatt Johnston wins face-off versus Thomas Novak in EDMONTON ICE zone.
16:50 of 1st period - Shot by Joel Farabee.
16:50 of 1st period - Stopped by Vitek Vanecek with a rebound.
17:06 of 1st period - Shot by Joel Farabee.
17:06 of 1st period - Shot Misses the Net.
17:26 of 1st period - Derek Forbort is hit by Gustav Nyquist and loses puck.
18:53 of 1st period - Shot by Radek Faksa.
18:53 of 1st period - Shot Blocked by Michael Matheson.
18:57 of 1st period - Shot by Drake Batherson.
18:57 of 1st period - Shot Misses the Net.
19:12 of 1st period - Icing by Michael Matheson.
19:13 of 1st period - Dawson Mercer wins face-off versus Mark Kastelic in EDMONTON ICE zone.
19:18 of 1st period - Shot by Dawson Mercer.
19:18 of 1st period - Deflect By Anthony Beauvillier.
19:18 of 1st period - Shot Hit the Post.
19:26 of 1st period - Shot by Luke Kunin.
19:26 of 1st period - Stopped by Vitek Vanecek without a rebound.
19:27 of 1st period - Wyatt Johnston wins face-off versus Anton Lundell in EDMONTON ICE zone.
Goals for this period are 1 for SAN DIEGO THUNDER vs 0 for EDMONTON ICE.
Shots for this period are 14 for SAN DIEGO THUNDER vs 13 for EDMONTON ICE.

2nd period


0:01 of 2nd period - Jack Eichel wins face-off versus Eetu Luostarinen in neutral zone.
0:11 of 2nd period - Jack Eichel is hit by Erik Cernak and loses puck.
0:25 of 2nd period - Icing by Jack Eichel.
0:26 of 2nd period - Jack Eichel wins face-off versus Isac Lundestrom in EDMONTON ICE zone.
0:35 of 2nd period - Shot by Jack Eichel.
0:35 of 2nd period - Deflect By Alex Tuch.
0:35 of 2nd period - Stopped by Connor Hellebuyck with a rebound.
1:28 of 2nd period - Off-side.
1:29 of 2nd period - Wyatt Johnston wins face-off versus Dawson Mercer in neutral zone.
1:38 of 2nd period - Shot by Joel Farabee.
1:38 of 2nd period - Shot Misses the Net.
1:42 of 2nd period - Shot by Wyatt Johnston.
1:42 of 2nd period - Shot Misses the Net.
1:56 of 2nd period - Shot by Dmitri Voronkov.
1:56 of 2nd period - Shot Blocked by Zach Whitecloud.
2:00 of 2nd period - Shot by Dmitri Voronkov.
2:00 of 2nd period - Shot Misses the Net.
2:39 of 2nd period - Scott Laughton is hit by Erik Cernak and loses puck.
2:57 of 2nd period - Icing by Shea Theodore.
2:58 of 2nd period - Scott Laughton wins face-off versus Luke Kunin in EDMONTON ICE zone.
4:08 of 2nd period - Drake Batherson is hit by Jack Eichel and loses puck.
4:36 of 2nd period - Icing by Eetu Luostarinen.
4:37 of 2nd period - Eetu Luostarinen wins face-off versus Dawson Mercer in SAN DIEGO THUNDER zone.
4:37 of 2nd period - Eetu Luostarinen is hit by Anthony Beauvillier.
5:33 of 2nd period - Off-side.
5:34 of 2nd period - Thomas Novak wins face-off versus Isac Lundestrom in neutral zone.
6:11 of 2nd period - Shot by Gustav Nyquist.
6:11 of 2nd period - Shot Misses the Net.
6:17 of 2nd period - Shot by Michael Matheson.
6:17 of 2nd period - Shot Blocked by Connor Murphy.
6:35 of 2nd period - Shot by Drake Batherson.
6:35 of 2nd period - Stopped by Vitek Vanecek without a rebound.
6:36 of 2nd period - Eetu Luostarinen wins face-off versus Jack Eichel in EDMONTON ICE zone.
7:33 of 2nd period - Shot by Dmitri Voronkov.
7:33 of 2nd period - Shot Misses the Net.
7:52 of 2nd period - Shot by Joel Farabee.
7:52 of 2nd period - Stopped by Vitek Vanecek without a rebound.
7:53 of 2nd period - Mark Kastelic wins face-off versus Dawson Mercer in EDMONTON ICE zone.
7:53 of 2nd period - Luke Kunin is hit by Michael Matheson.
8:13 of 2nd period - Icing by Connor Murphy.
8:14 of 2nd period - Mark Kastelic wins face-off versus Gustav Nyquist in SAN DIEGO THUNDER zone.
8:26 of 2nd period - Off-side.
8:27 of 2nd period - Dawson Mercer wins face-off versus Wyatt Johnston in neutral zone.
8:29 of 2nd period - Off-side.
8:30 of 2nd period - Thomas Novak wins face-off versus Eetu Luostarinen in neutral zone.
9:01 of 2nd period - Radek Faksa is hit by Michael Matheson and loses puck.
9:54 of 2nd period - Jordan Spence is hit by Drake Batherson and loses puck.
10:19 of 2nd period - Joel Farabee is hit by Ryan Graves and loses puck.
10:57 of 2nd period - Icing by Dawson Mercer.
10:58 of 2nd period - Mark Kastelic wins face-off versus Dawson Mercer in EDMONTON ICE zone.
11:51 of 2nd period - Shot by Joel Farabee.
11:51 of 2nd period - Stopped by Vitek Vanecek without a rebound.
11:52 of 2nd period - Isac Lundestrom wins face-off versus Thomas Novak in EDMONTON ICE zone.
11:55 of 2nd period - Shot by Luke Kunin.
11:55 of 2nd period - Shot Misses the Net.
12:23 of 2nd period - Shot by Thomas Novak.
12:23 of 2nd period - Shot Blocked by Charles McAvoy.
12:52 of 2nd period - Off-side.
12:53 of 2nd period - Jack Eichel wins face-off versus Wyatt Johnston in neutral zone.
13:04 of 2nd period - Shot by Jack Eichel.
13:04 of 2nd period - Shot Blocked by Derek Forbort.
13:59 of 2nd period - Shot by Drake Batherson.
13:59 of 2nd period - Stopped by Vitek Vanecek without a rebound.
14:00 of 2nd period - Dawson Mercer wins face-off versus Eetu Luostarinen in EDMONTON ICE zone.
14:23 of 2nd period - Shot by Shea Theodore.
14:23 of 2nd period - Goal by Shea Theodore - SAN DIEGO THUNDER : 1 - EDMONTON ICE : 1.
14:24 of 2nd period - Mark Kastelic wins face-off versus Thomas Novak in neutral zone.
15:26 of 2nd period - Icing by Thomas Novak.
15:27 of 2nd period - Thomas Novak wins face-off versus Eetu Luostarinen in EDMONTON ICE zone.
16:17 of 2nd period - Shot by Alex Tuch.
16:17 of 2nd period - Stopped by Connor Hellebuyck without a rebound.
16:18 of 2nd period - Dawson Mercer wins face-off versus Wyatt Johnston in SAN DIEGO THUNDER zone.
16:49 of 2nd period - Shot by Anthony Beauvillier.
16:49 of 2nd period - Stopped by Connor Hellebuyck without a rebound.
16:50 of 2nd period - Isac Lundestrom wins face-off versus Anton Lundell in SAN DIEGO THUNDER zone.
16:50 of 2nd period - Isac Lundestrom is hit by Tanner Jeannot.
17:46 of 2nd period - Minor Penalty to Jack Eichel for Interference.
17:47 of 2nd period - Anton Lundell wins face-off versus Drake Batherson in EDMONTON ICE zone.
17:59 of 2nd period - Shot by Derek Forbort.
17:59 of 2nd period - Deflect By Drake Batherson.
17:59 of 2nd period - Shot Misses the Net.
18:01 of 2nd period - Shot by Derek Forbort.
18:01 of 2nd period - Stopped by Vitek Vanecek without a rebound.
18:02 of 2nd period - Drake Batherson wins face-off versus Anton Lundell in EDMONTON ICE zone.
19:22 of 2nd period - Shot by Luke Kunin.
19:22 of 2nd period - Deflect By Wyatt Johnston.
19:22 of 2nd period - Stopped by Vitek Vanecek without a rebound.
19:23 of 2nd period - Wyatt Johnston wins face-off versus Anton Lundell in EDMONTON ICE zone.
19:26 of 2nd period - Shot by Luke Kunin.
19:26 of 2nd period - Shot Misses the Net.
19:28 of 2nd period - Shot by Erik Cernak.
19:28 of 2nd period - Goal by Erik Cernak - SAN DIEGO THUNDER : 2 - EDMONTON ICE : 1.
19:29 of 2nd period - Jack Eichel wins face-off versus Eetu Luostarinen in neutral zone.
19:48 of 2nd period - Off-side.
19:49 of 2nd period - Thomas Novak wins face-off versus Mark Kastelic in neutral zone.
Goals for this period are 1 for SAN DIEGO THUNDER vs 1 for EDMONTON ICE.
Shots for this period are 7 for SAN DIEGO THUNDER vs 4 for EDMONTON ICE.

3rd period


0:01 of 3rd period - Wyatt Johnston wins face-off versus Thomas Novak in neutral zone.
0:09 of 3rd period - Icing by Ryan Graves.
0:10 of 3rd period - Thomas Novak wins face-off versus Eetu Luostarinen in EDMONTON ICE zone.
0:19 of 3rd period - Shot by Thomas Novak.
0:19 of 3rd period - Stopped by Connor Hellebuyck without a rebound.
0:20 of 3rd period - Wyatt Johnston wins face-off versus Jack Eichel in SAN DIEGO THUNDER zone.
0:27 of 3rd period - Shot by Dmitri Voronkov.
0:27 of 3rd period - Shot Misses the Net.
1:17 of 3rd period - Connor Murphy is hit by Scott Laughton and loses puck.
2:01 of 3rd period - Icing by Derek Forbort.
2:02 of 3rd period - Dawson Mercer wins face-off versus Wyatt Johnston in SAN DIEGO THUNDER zone.
2:07 of 3rd period - Shot by Evgeny Dadonov.
2:07 of 3rd period - Goal by Evgeny Dadonov - SAN DIEGO THUNDER : 2 - EDMONTON ICE : 2.
2:08 of 3rd period - Dawson Mercer wins face-off versus Eetu Luostarinen in neutral zone.
2:13 of 3rd period - Shot by Anthony Beauvillier.
2:13 of 3rd period - Shot Misses the Net.
2:26 of 3rd period - Shot by Drake Batherson.
2:26 of 3rd period - Shot Blocked by Jonas Brodin.
2:41 of 3rd period - Off-side.
2:42 of 3rd period - Jack Eichel wins face-off versus Isac Lundestrom in neutral zone.
2:52 of 3rd period - Shot by Alex Tuch.
2:52 of 3rd period - Stopped by Connor Hellebuyck with a rebound.
2:54 of 3rd period - Shot by Michael Matheson.
2:54 of 3rd period - Stopped by Connor Hellebuyck with a rebound.
2:56 of 3rd period - Shot by Michael Matheson.
2:56 of 3rd period - Shot Misses the Net.
3:02 of 3rd period - Shot by Alex Tuch.
3:02 of 3rd period - Shot Blocked by Adam Boqvist.
3:04 of 3rd period - Shot by Jack Eichel.
3:04 of 3rd period - Stopped by Connor Hellebuyck without a rebound.
3:05 of 3rd period - Eetu Luostarinen wins face-off versus Gustav Nyquist in SAN DIEGO THUNDER zone.
3:05 of 3rd period - Eetu Luostarinen is hit by Scott Laughton.
3:16 of 3rd period - Shot by Scott Laughton.
3:16 of 3rd period - Shot Blocked by Charles McAvoy.
3:26 of 3rd period - Shot by Eetu Luostarinen.
3:26 of 3rd period - Shot Blocked by Thomas Novak.
3:32 of 3rd period - Shot by Drake Batherson.
3:32 of 3rd period - Shot Blocked by Jordan Spence.
3:53 of 3rd period - Icing by Ryan Graves.
3:54 of 3rd period - Isac Lundestrom wins face-off versus Thomas Novak in EDMONTON ICE zone.
3:54 of 3rd period - Isac Lundestrom is hit by Jordan Spence.
4:03 of 3rd period - Luke Kunin is hit by Jordan Spence and loses puck.
4:23 of 3rd period - Luke Kunin is hit by Jordan Spence and loses puck.
4:47 of 3rd period - Shot by Joel Farabee.
4:47 of 3rd period - Stopped by Vitek Vanecek without a rebound.
4:48 of 3rd period - Wyatt Johnston wins face-off versus Jack Eichel in EDMONTON ICE zone.
5:13 of 3rd period - Shot by Dmitri Voronkov.
5:13 of 3rd period - Stopped by Vitek Vanecek without a rebound.
5:14 of 3rd period - Eetu Luostarinen wins face-off versus Dawson Mercer in EDMONTON ICE zone.
5:18 of 3rd period - Icing by Zach Whitecloud.
5:19 of 3rd period - Dawson Mercer wins face-off versus Eetu Luostarinen in EDMONTON ICE zone.
5:31 of 3rd period - Icing by Charles McAvoy.
5:32 of 3rd period - Eetu Luostarinen wins face-off versus Jack Eichel in SAN DIEGO THUNDER zone.
5:55 of 3rd period - Shot by Drake Batherson.
5:55 of 3rd period - Shot Blocked by Alex Tuch.
5:57 of 3rd period - Shot by Erik Cernak.
5:57 of 3rd period - Shot Blocked by Shea Theodore.
6:24 of 3rd period - Off-side.
6:25 of 3rd period - Dawson Mercer wins face-off versus Wyatt Johnston in neutral zone.
6:32 of 3rd period - Shot by Anthony Beauvillier.
6:32 of 3rd period - Stopped by Connor Hellebuyck without a rebound.
6:33 of 3rd period - Wyatt Johnston wins face-off versus Dawson Mercer in SAN DIEGO THUNDER zone.
6:46 of 3rd period - Shot by Joel Farabee.
6:46 of 3rd period - Stopped by Vitek Vanecek without a rebound.
6:47 of 3rd period - Thomas Novak wins face-off versus Isac Lundestrom in EDMONTON ICE zone.
6:47 of 3rd period - Thomas Novak is hit by Luke Kunin.
6:59 of 3rd period - Shot by Luke Kunin.
6:59 of 3rd period - Shot Misses the Net.
7:01 of 3rd period - Shot by Adam Boqvist.
7:01 of 3rd period - Deflect By Luke Kunin.
7:01 of 3rd period - Shot Misses the Net.
7:26 of 3rd period - Icing by Nicklaus Perbix.
7:27 of 3rd period - Jack Eichel wins face-off versus Isac Lundestrom in SAN DIEGO THUNDER zone.
7:37 of 3rd period - Adam Boqvist is hit by Jack Eichel and loses puck.
7:56 of 3rd period - Icing by Nicklaus Perbix.
7:57 of 3rd period - Isac Lundestrom wins face-off versus Dawson Mercer in SAN DIEGO THUNDER zone.
8:41 of 3rd period - Shot by Dawson Mercer.
8:41 of 3rd period - Stopped by Connor Hellebuyck without a rebound.
8:42 of 3rd period - Wyatt Johnston wins face-off versus Jack Eichel in SAN DIEGO THUNDER zone.
9:07 of 3rd period - Alex Tuch is hit by Derek Forbort and loses puck.
9:31 of 3rd period - Jack Eichel is hit by Derek Forbort and loses puck.
10:02 of 3rd period - Thomas Novak is hit by Connor Murphy and loses puck.
10:05 of 3rd period - Shot by Scott Laughton.
10:05 of 3rd period - Shot Misses the Net.
10:07 of 3rd period - Shot by Gustav Nyquist.
10:07 of 3rd period - Shot Misses the Net.
10:09 of 3rd period - Shot by Scott Laughton.
10:09 of 3rd period - Stopped by Connor Hellebuyck without a rebound.
10:10 of 3rd period - Dawson Mercer wins face-off versus Eetu Luostarinen in SAN DIEGO THUNDER zone.
10:50 of 3rd period - Drake Batherson is hit by Zach Whitecloud.
11:03 of 3rd period - Dawson Mercer is hit by Nicklaus Perbix and loses puck.
11:17 of 3rd period - Shot by Rasmus Asplund.
11:17 of 3rd period - Stopped by Vitek Vanecek without a rebound.
11:18 of 3rd period - Mark Kastelic wins face-off versus Jack Eichel in EDMONTON ICE zone.
11:30 of 3rd period - Shot by Jack Eichel.
11:30 of 3rd period - Stopped by Connor Hellebuyck without a rebound.
11:31 of 3rd period - Thomas Novak wins face-off versus Isac Lundestrom in SAN DIEGO THUNDER zone.
11:34 of 3rd period - Shot by Thomas Novak.
11:34 of 3rd period - Stopped by Connor Hellebuyck without a rebound.
11:35 of 3rd period - Jack Eichel wins face-off versus Isac Lundestrom in SAN DIEGO THUNDER zone.
13:28 of 3rd period - Joel Farabee is hit by Scott Laughton and loses puck.
13:42 of 3rd period - Michael Matheson is hit by Dmitri Voronkov and loses puck.
14:18 of 3rd period - Off-side.
14:19 of 3rd period - Isac Lundestrom wins face-off versus Dawson Mercer in neutral zone.
14:28 of 3rd period - Shot by Luke Kunin.
14:28 of 3rd period - Deflect By Isac Lundestrom.
14:28 of 3rd period - Shot Misses the Net.
14:55 of 3rd period - Shot by Dawson Mercer.
14:55 of 3rd period - Stopped by Connor Hellebuyck without a rebound.
14:56 of 3rd period - Eetu Luostarinen wins face-off versus Jack Eichel in SAN DIEGO THUNDER zone.
15:40 of 3rd period - Icing by Jack Eichel.
15:41 of 3rd period - Jack Eichel wins face-off versus Wyatt Johnston in EDMONTON ICE zone.
15:58 of 3rd period - Shot by Joel Farabee.
15:58 of 3rd period - Deflect By Wyatt Johnston.
15:58 of 3rd period - Shot Blocked by Scott Laughton.
16:00 of 3rd period - Shot by Erik Cernak.
16:00 of 3rd period - Shot Misses the Net.
16:02 of 3rd period - Shot by Dmitri Voronkov.
16:02 of 3rd period - Stopped by Vitek Vanecek without a rebound.
16:03 of 3rd period - Isac Lundestrom wins face-off versus Anthony Beauvillier in EDMONTON ICE zone.
16:05 of 3rd period - Rasmus Asplund is hit by Shea Theodore and loses puck.
16:19 of 3rd period - Shot by Anthony Beauvillier.
16:19 of 3rd period - Deflect By Evgeny Dadonov.
16:19 of 3rd period - Stopped by Connor Hellebuyck with a rebound.
16:31 of 3rd period - Shot by Evgeny Dadonov.
16:31 of 3rd period - Deflect By Anthony Beauvillier.
16:31 of 3rd period - Stopped by Connor Hellebuyck without a rebound.
16:32 of 3rd period - Wyatt Johnston wins face-off versus Thomas Novak in SAN DIEGO THUNDER zone.
18:34 of 3rd period - Shot by Luke Kunin.
18:34 of 3rd period - Stopped by Vitek Vanecek without a rebound.
18:35 of 3rd period - Wyatt Johnston wins face-off versus Dawson Mercer in EDMONTON ICE zone.
19:07 of 3rd period - Shot by Joel Farabee.
19:07 of 3rd period - Shot Misses the Net.
19:45 of 3rd period - Shot by Tanner Jeannot.
19:45 of 3rd period - Stopped by Connor Hellebuyck without a rebound.
19:46 of 3rd period - Jack Eichel wins face-off versus Eetu Luostarinen in SAN DIEGO THUNDER zone.
Goals for this period are 0 for SAN DIEGO THUNDER vs 1 for EDMONTON ICE.
Shots for this period are 6 for SAN DIEGO THUNDER vs 14 for EDMONTON ICE.

Overtime #1


0:01 of 1st overtime period - Scott Laughton wins face-off versus Eetu Luostarinen in neutral zone.
0:09 of 1st overtime period - Icing by Charles McAvoy.
0:10 of 1st overtime period - Jack Eichel wins face-off versus Eetu Luostarinen in SAN DIEGO THUNDER zone.
0:21 of 1st overtime period - Shot by Jack Eichel.
0:21 of 1st overtime period - Shot Blocked by Eetu Luostarinen.
0:24 of 1st overtime period - Icing by Charles McAvoy.
0:25 of 1st overtime period - Jack Eichel wins face-off versus Eetu Luostarinen in SAN DIEGO THUNDER zone.
0:50 of 1st overtime period - Icing by Drake Batherson.
0:51 of 1st overtime period - Jack Eichel wins face-off versus Eetu Luostarinen in SAN DIEGO THUNDER zone.
0:52 of 1st overtime period - Shot by Alex Tuch.
0:52 of 1st overtime period - Shot Blocked by Drake Batherson.
2:47 of 1st overtime period - Icing by Connor Murphy.
2:48 of 1st overtime period - Jack Eichel wins face-off versus Radek Faksa in SAN DIEGO THUNDER zone.
2:55 of 1st overtime period - Shot by Alex Tuch.
2:55 of 1st overtime period - Shot Misses the Net.
3:07 of 1st overtime period - Shot by Jack Eichel.
3:07 of 1st overtime period - Stopped by Connor Hellebuyck with a rebound.
3:09 of 1st overtime period - Shot by Alex Tuch.
3:09 of 1st overtime period - Shot Misses the Net.
3:11 of 1st overtime period - Shot by Alex Tuch.
3:11 of 1st overtime period - Goal by Alex Tuch - SAN DIEGO THUNDER : 2 - EDMONTON ICE : 3.
Goals for this period are 0 for SAN DIEGO THUNDER vs 1 for EDMONTON ICE.
Shots for this period are 0 for SAN DIEGO THUNDER vs 2 for EDMONTON ICE.


BLAKE
WHEELER
STEVEN
STAMKOS
DREW
DOUGHTY

EAST COAST

HOCKEY LEAGUE

  • 63.RHI2PIT5
  • 64.WOR4ATL3
  • 65.QUECHW
  • 66.CHATRV